 Dungeon Crawl Stone Soup version 0.29-a0-613-gf2c431b9b9 (webtiles) character file.

Game seed: 17567297914916100494

114 Vylera the Shooter (level 4, -2/28 HPs)
             Began as an Octopode Wanderer on June 16, 2022.
             Was a Believer of Dithmenos.
             Slain by an orc priest
             ... wielding a +0 whip
              (6 damage)
             ... on level 3 of the Dungeon.
             The game lasted 00:05:42 (2082 turns).

Vylera the Shooter (Octopode Wanderer)              Turns: 2082, Time: 00:05:43

Health: -2/28      AC:  3    Str: 11    XL:     4   Next: 98%
Magic:  5/5        EV: 12    Int: 13    God:    Dithmenos [**....]
Gold:   65         SH:  0    Dex: 14    Spells: 5/5 levels left

rFire   . . .      SeeInvis .   a - +0 lajatang
rCold   . . .      Faith    .   (shield currently unavailable)
rNeg    . . .      Spirit   .   c - +2 hat
rPois   .          Reflect  .   (no amulet)
rElec   .          Harm     .   (no ring)
rCorr   .          Rampage  .   (no ring)
Will    .....                   (no ring)
Stlth   +++.......              (no ring)
HPRegen 0.09/turn               (no ring)
MPRegen 0.09/turn               (no ring)
                                (no ring)
                                (no ring)

@: brilliant, wreathed by umbra
A: almost no armour, amphibious, 8 rings, camouflage 1, gelatinous body 1,
(nimble swimmer 1), tentacles
a: Renounce Religion, Shadow Step


You were on level 3 of the Dungeon.
You worshipped Dithmenos.
Dithmenos was pleased with you.
You visited 1 branch of the dungeon, and saw 3 of its levels.

You collected 65 gold pieces.

Inventory:

Hand Weapons
 a - a +0 lajatang (weapon)
 b - a +0 shortbow
 h - a +0 rapier
Missiles
 l - 2 boomerangs
 p - 5 poisoned darts
Armour
 c - a +2 hat (worn)
Scrolls
 d - 3 scrolls of teleportation
 e - a scroll of amnesia
 f - 5 scrolls of identify
 g - a scroll of poison
Potions
 m - a potion of mutation {unknown}
 n - a potion of berserk rage {unknown}


   Skills:
 - Level 1.0 Fighting
 - Level 3.0 Short Blades
 * Level 2.5 Staves
 + Level 5.1 Bows
 - Level 1.0 Dodging
 - Level 1.0 Spellcasting
 + Level 1.5 Invocations


You had 5 spell levels left.
You didn't know any spells.
Your spell library contained the following spells:

 Spells                   Type           Power      Damage    Failure   Level
 Dazzling Flash           Conj/Hex       0%         N/A       63%         3
 Ozocubu's Armour         Ice            0%         N/A       63%         3
 Iskenderun's Mystic Bla  Conj/Tloc      0%         2d3       95%         4
 Starburst                Conj/Fire      0%         6d3       100%        6
 Ozocubu's Refrigeration  Ice            0%         4d5       100%        7


Dungeon Overview and Level Annotations

Branches:
Dungeon (3/15)

Altars:
Dithmenos

Shops:
D:1 [:=(


Innate Abilities, Weirdness & Mutations

You cannot wear most types of armour.
You are amphibious.
You can wear up to eight rings at the same time.
Your skin changes colour to match your surroundings (Stealth+).
Your rubbery body absorbs attacks. (AC +1, EV +1)
((You are camouflaged when in or above water. (Stealth+)))
You have tentacles for arms and can constrict up to eight enemies at once.


Message History

Ouch! That really hurt!
You are too injured to fight recklessly!
Unknown command.
It was a potion of brilliance.
You feel clever all of a sudden. The orc hits you but does no damage.
It was a potion of heal wounds.
You feel much better. The orc barely misses you.
You barely miss the orc. Your grab misses the orc. Your squeeze misses the orc.
The orc completely misses you. The orc barely misses you.
You hit the orc. Your grab misses the orc. You squeeze the orc.
You kill the orc!
Dithmenos accepts your kill.
You barely miss the orc. Your grab misses the orc. You squeeze the orc.
The orc is heavily wounded.
The orc hits you with a +0 club.
You barely miss the orc. Your grab misses the orc.
The orc is heavily wounded.
The orc closely misses you. x2
You barely miss the orc. Your grab misses the orc.
The orc is heavily wounded.
The orc hits you with a +0 club.
An orc comes into view. It is wielding a +0 flail.
The orc shouts!
You slash the orc!
You kill the orc!
Dithmenos accepts your kill.
You barely miss the orc. You grab the orc. You constrict the orc.
The orc hits you with a +0 whip.
You slash the orc!
You kill the orc!
Dithmenos accepts your kill.
The orc priest invokes the aid of Beogh against you.
Beogh smites you!
Ouch! That really hurt!
* * * LOW HITPOINT WARNING * * *
Okay, then.
You barely miss the orc priest. Your grab misses the orc priest.
The orc priest hits you with a +0 whip.
You die...

### #.. #.# #.#
#o# #o# #@#
#########
#.######.......###
#..............'..
########.......###
#.......#
###########
####...##...
#...†...#...
#.##....#...


You could see an orc priest and an orc.

Vanquished Creatures
  Natasha (D:2)
  4 adders (D:2)
  A worm (D:2)
  A dart slug (D:1)
  3 orcs (D:3)
  2 bats
  3 endoplasms
  2 giant cockroaches
  5 goblins
  5 hobgoblins
  2 jackals (D:1)
  2 quokkas
  6 ball pythons
  3 frilled lizards (D:1)
  3 kobolds (D:1)
  6 rats
49 creatures vanquished.

Notes
Turn   | Place    | Note
-------+----------+-------------------------------------------
     0 | D:1      | Vylera the Octopode Wanderer began the quest for the Orb.
     0 | D:1      | Vylera set off with the following items: a +0 rapier, a +0
                  | shortbow, a +0 hat, a scroll of teleportation.
     0 | D:1      | Reached XP level 1. HP: 13/13 MP: 2/2
    54 | D:1      | Found Ydoes's Book Emporium.
    57 | D:1      | Found Ybribust's Antique Armour Boutique.
   334 | D:1      | Reached XP level 2. HP: 17/18 MP: 3/3
   507 | D:1      | Found a faded altar of an unknown god.
   514 | D:1      | Prayed at the altar of an unknown god.
   514 | D:1      | Became a worshipper of Dithmenos the Shadowed
   514 | D:1      | Reached * piety under Dithmenos
   556 | D:1      | Found Quef's Weapon Emporium.
   570 | D:1      | Found Xiloarph's Jewellery Boutique.
   900 | D:1      | Reached XP level 3. HP: 23/23 MP: 4/4
  1059 | D:2      | Reached skill level 1 in Staves
  1332 | D:2      | Reached XP level 4. HP: 28/28 MP: 5/5
  1352 | D:2      | Reached skill level 1 in Invocations
  1413 | D:2      | Reached ** piety under Dithmenos
  1502 | D:2      | Noticed Natasha
  1508 | D:2      | Killed Natasha
  1509 | D:2      | Reached skill level 5 in Bows
  2082 | D:3      | Slain by an orc priest

Illustrated notes

Levels and vault maps discovered:
D:1:      lordsloth_arrival_two_stooges, layout_basic, serial_shops,
          nicolae_shop_window_shopping, shop, shop,
          nicolae_shop_bloodbath_and_beyond,
          shapermc_ecumenical_altar_hornbeckon, kennysheep_small_spiral
D:2:      layout_basic, uniq_natasha
D:3:      layout_basic, nicolae_qazlal_general_emergency

Skill      XL: |  1  2  3  4 |
---------------+-------------+-----
Staves         | 1 2 |  2.5
Invocations    | 1 |  1.5
Bows           | 5 |  5.1
Fighting       | |  1.0
Short Blades   | |  3.0
Dodging        | |  1.0
Spellcasting   | |  1.0

Action                   |  1- 3 |  4- 6 || total
-------------------------+-------+-------++-------
Melee: Rapier            |    21 |       ||    21
       Constrict         |    19 |     4 ||    23
       Tentacles         |    16 |     5 ||    21
       Lajatang          |    35 |    37 ||    72
 Fire: Shortbow          |     1 |       ||     1
  Use: Scroll            |       |     6 ||     6
       Potion            |       |     2 ||     2
 Stab: Sleeping          |     5 |     2 ||     7
       Distracted        |     1 |       ||     1
Armor: Skin              |     7 |     7 ||    14
Dodge: Dodged            |    34 |    28 ||    62

Table legend: (Time is in decaauts)
 A = Elapsed time spent in this place.
 B = Non-inter-level travel time spent in this place.
 C = Inter-level travel time spent in this place.
 D = Time resting spent in this place.
 E = Time spent auto-exploring this place.
 F = Levels seen in this place.
 G = Mean time per level.
                   A        B        C        D        E       F      G
               +--------+--------+--------+--------+--------+-----+--------+
         Total |   2104 |   2087 |     17 |    100 |   1657 |   3 |  701.3 |
       Dungeon |   2104 |   2087 |     17 |    100 |   1657 |   3 |  701.3 |
               +--------+--------+--------+--------+--------+-----+--------+

Top non-repeatable levels by time:
     D:1: 1061 daAuts
     D:2: 701 daAuts
     D:3: 341 daAuts
